 Dungeon Crawl Stone Soup version 0.28.0-53-g5a82cb258f (webtiles) character file.

Game seed: 4140023553738155727

12097 Duralumin the Cleaver (level 12, -9/99 HPs)
             Began as a Formicid Fighter on Aug 21, 2022.
             Was a Believer of Okawaru.
             Mangled by a 12-headed hydra (10 damage)
             ... on level 1 of the Lair of Beasts.
             The game lasted 00:34:56 (11578 turns).

Duralumin the Cleaver (Formicid Fighter)           Turns: 11578, Time: 00:34:57

Health: -9/99      AC: 14    Str: 33    XL:     12   Next: 16%
Magic:  9/12       EV: 10    Int:  7    God:    Okawaru [**....]
Gold:   606        SH: 10    Dex: 10    Spells: 11/11 levels left

rFire   . . .      SeeInvis +   M - +3 trident of Floods {spect, rC+}
rCold   + . .      Faith    .   c - +0 buckler
rNeg    . . .      Spirit   .   L - +1 chain mail {Will+}
rPois   .          Reflect  +   (helmet unavailable)
rElec   .          Harm     .   g - scarf {repulsion}
rCorr   +          Rampage  .   n - +1 pair of gloves
Will    ++...                   (no boots)
Stlth   ..........              h - amulet of reflection
HPRegen 0.26/turn               E - +6 ring of strength
MPRegen 0.13/turn               v - ring of resist corrosion

@: heroic, repel missiles
A: permanent stasis, dig shafts and tunnels, antennae 3, four strong arms
a: Dig, Shaft Self, Renounce Religion, Heroism


You were on level 1 of the Lair of Beasts.
You worshipped Okawaru.
Okawaru was pleased with you.
You visited 3 branches of the dungeon, and saw 12 of its levels.
You also visited: Sewer.

You collected 606 gold pieces.

Inventory:

Hand Weapons
 a - a +0 war axe
 s - a +3 hand axe of freezing
 u - the +8 dagger of Siq Cui {vorpal, rElec rPois Int+5 Dex-3}
   (You found it on level 4 of the Dungeon)

   It inflicts extra damage upon your enemies.
   Int:       It affects your intelligence (+5).
   Dex:       It affects your dexterity (-3).
   rElec:     It insulates you from electricity.
   rPois:     It protects you from poison.
 A - a +3 scimitar of flaming
 J - a +0 whip of flaming
 M - the +3 trident of Floods (weapon) {spect, rC+}
   (You found it on level 7 of the Dungeon)

   When its wielder attacks, the weapon's spirit leaps out and strikes again.
   The spirit shares a part of any damage it takes with its wielder.
   rC:        It protects you from cold.
Missiles
 d - 6 curare-tipped darts
 f - 2 javelins
 k - a throwing net
 r - 12 boomerangs
 w - 16 poisoned darts (quivered)
Armour
 c - a +0 buckler (worn)
 g - a scarf of repulsion (worn)
 n - a +1 pair of gloves (worn)
 L - a +1 chain mail of willpower (worn)
Jewellery
 h - an amulet of reflection (around neck)
 q - an amulet of the acrobat
 v - a ring of resist corrosion (right hand)
 E - a +6 ring of strength (left hand)
Wands
 l - a wand of polymorph (4)
 z - a wand of iceblast (8)
 D - a wand of flame (15)
 I - a wand of mindburst (21)
Scrolls
 b - a scroll of silence {unknown}
 e - 2 scrolls of enchant weapon {unknown}
 i - a scroll of summoning {unknown}
 j - a scroll of noise {unknown}
 m - 2 scrolls of blinking {unknown}
 o - a scroll of immolation
 t - a scroll of fog
 y - 2 scrolls of vulnerability
 C - 3 scrolls of enchant armour
Potions
 p - a potion of brilliance
 x - 3 potions of magic
 B - a potion of resistance
 H - a potion of degeneration {unknown}
 K - 4 potions of curing {unknown}


   Skills:
 + Level 10.6(15.6) Fighting
 - Level 13.5(19.6) Axes
 + Level 9.1(17.5) Polearms
 - Level 3.2(8.2) Armour
 - Level 3.6(8.6) Shields


You had 11 spell levels left.
You didn't know any spells.
Your spell library contained the following spells:

 Spells                   Type           Power      Damage    Failure   Level
 Pain                     Necr           0%         1d4       90%         1
 Shock                    Conj/Air       0%         1d3       90%         1
 Ensorcelled Hibernation  Hex/Ice        0%         N/A       97%         2
 Passwall                 Tmut/Erth      0%         N/A       97%         2
 Static Discharge         Conj/Air       0%         N/A       97%         2
 Ignite Poison            Fire/Tmut/Pois 0%         N/A       99%         3
 Mephitic Cloud           Conj/Pois/Air  0%         N/A       99%         3
 Airstrike                Air            0%         N/A       100%        4
 Dispel Undead            Necr           0%         3d6       100%        4
 Sticky Flame             Conj/Fire      0%         2d3       100%        4
 Agony                    Necr           0%         N/A       100%        5
 Excruciating Wounds      Necr           0%         N/A       100%        5
 Freezing Cloud           Conj/Ice/Air   0%         6-21      100%        5
 Orb of Destruction       Conj           0%         9d5       100%        7
 Summon Guardian Golem    Hex/Summ       Unusable   N/A       N/A         3
 Swiftness                Air            Unusable   N/A       N/A         3
 Spellforged Servitor     Conj/Summ      Unusable   N/A       N/A         7

Dungeon Overview and Level Annotations

Branches:
Dungeon (10/15)            Temple (1/1) D:6            Lair (1/6) D:8
  Sewer (visited)
    Orc: D:9-12

Altars:
Ashenzari
Cheibriados
Dithmenos
Elyvilon
Fedhas
Gozag
Hepliaklqana
Kikubaaqudgha
Makhleb
Nemelex Xobeh
Okawaru
Qazlal
Ru
Sif Muna
Trog
Uskayaw
Vehumet
Wu Jian
Xom
Yredelemnul
Zin
The Shining One

Shops:
D:3 =

Annotations:
D:5 2 transporters, NineInchNils's ghost, amateur OpMo
D:9 Erolcha
Lair:1 Reqegg's ghost, journeyman MiFi


Innate Abilities, Weirdness & Mutations

You cannot be hasted, slowed, berserked, paralysed or teleported.
You can dig through walls and to a lower floor.
You have a pair of large antennae on your head. (SInv)
Your four strong arms can wield two-handed weapons with a shield.


Message History

You block the six-headed hydra's attack.
You impale the six-headed hydra!!
You kill the six-headed hydra!
Okawaru is honoured by your kill.
Your base Polearms skill increases to level 9!
Reqegg's ghost whispers, "Meet the emptiness of death!"
e - 2 scrolls labelled ZENEIGO CACAPP (gained 1)
You see here a hydra corpse.
x - 3 potions of magic (gained 1)
You open the gate.
You feel like a meek peon again. The 12-headed hydra bites you.
You block the 12-headed hydra's attack.
The 12-headed hydra barely misses you. x2
You block the 12-headed hydra's attack. x2; The 12-headed hydra bites you! x3
The 12-headed hydra closely misses you.
The 12-headed hydra bites you but does no damage. x2
You puncture the 12-headed hydra!
The 12-headed hydra is lightly wounded.
Your +3 trident of Floods {spect, rC+} barely misses the 12-headed hydra.
You hit the 12-headed hydra.
The 12-headed hydra is moderately wounded.
Your +3 trident of Floods {spect, rC+} hits the 12-headed hydra from afar!
You block the 12-headed hydra's attack. x2; The 12-headed hydra bites you. x2
The 12-headed hydra bites you but does no damage. x2
You block the 12-headed hydra's attack. x2; The 12-headed hydra bites you! x2
* * * LOW HITPOINT WARNING * * *
The 12-headed hydra bites you!
* * * LOW HITPOINT WARNING * * *
The 12-headed hydra bites you but does no damage.
You gain the combat prowess of a mighty hero.
The 12-headed hydra bites you.
* * * LOW HITPOINT WARNING * * *
The 12-headed hydra barely misses you. You block the 12-headed hydra's attack.
The 12-headed hydra bites you!
* * * LOW HITPOINT WARNING * * *
The 12-headed hydra bites you but does no damage. x2
The 12-headed hydra bites you.
* * * LOW HITPOINT WARNING * * *
The 12-headed hydra bites you!
You die...

..........# ..##......#
#..# ..##......#####..#
..#.†.....# ..#..#
............ ....#
..#......... ...# ..#
..#.......P# #..##..#
..##......## #§.##..####.
..........####
#@##.......
......##..##.≈♣##D#......
......##.##P....#W.(..#
......##.#P.....'....##
......##.#P..)..'.†..#
......#..#♣.?...'....#
.......#.##.....#.#..#
......##..##≈≈[##.#..#
......##...#####..#..##


You could see a 12-headed hydra and Reqegg's ghost.

Vanquished Creatures
  Josephine (D:10)
  A hydra (Lair:1)
  Erica (Lair:1)
  A two-headed ogre (D:10)
  Sonja (Lair:1)
  Pikel (D:7)
  Joseph (D:10)
  3 cane toads (Lair:1)
  A komodo dragon (Lair:1)
  An unseen horror (D:5)
  2 trolls
  Grinder (D:3)
  4 wraiths
  3 wyverns
  5 yaks (D:10)
  2 water moccasins
  An ice beast (D:7)
  3 orc warriors
  A sky beast (D:6)
  2 black bears
  4 ogres
  A necrophage (D:7)
  5 centaurs
  8 wolves
  A phantom (D:6)
  5 kobold brigands
  A gnoll sergeant (D:7)
  5 bullfrogs
  A scorpion (D:5)
  A wyvern zombie (D:6)
  A water moccasin skeleton (D:5)
  A wyvern skeleton (D:6)
  2 electric eels (D:8)
  5 wights (D:8)
  3 howler monkeys (D:10)
  6 orc priests
  7 hounds
  3 jellies (D:6)
  A gnoll shaman (D:8)
  2 centaur skeletons (D:6)
  3 orc wizards
  2 iguanas
  4 howler monkey zombies
  16 gnolls
  2 howler monkey skeletons (D:6)
  5 adders
  4 white imps
  An ufetubus (D:5)
  5 worms
  A dart slug (D:4)
  31 orcs
  7 ball pythons
  11 bats
  7 endoplasms
  3 giant cockroaches
  8 goblins
  6 hobgoblins
  A quokka (D:1)
  6 frilled lizards
  27 kobolds
  5 rats
254 creatures vanquished.

Vanquished Creatures (others)
  A fungus (Sewer)
  15 plants
16 creatures vanquished.

Grand Total: 270 creatures vanquished

Notes
Turn   | Place    | Note
-------+----------+-------------------------------------------
     0 | D:1      | Duralumin the Formicid Fighter began the quest for the Orb.
     0 | D:1      | Reached XP level 1. HP: 18/18 MP: 1/1
     5 | D:1      | Found a faded altar of an unknown god.
   487 | D:1      | Reached XP level 2. HP: 24/24 MP: 2/2
   689 | D:1      | Reached skill level 3 in Axes
   949 | D:2      | Reached XP level 3. HP: 28/29 MP: 3/3
  1213 | D:2      | Reached skill level 4 in Axes
  1213 | D:2      | Reached XP level 4. HP: 35/35 MP: 4/4
  1562 | D:2      | Found a snail-covered altar of Cheibriados.
  1734 | D:2      | Reached XP level 5. HP: 16/41 MP: 5/5
  2295 | D:2      | Reached skill level 5 in Axes
  2618 | D:3      | Found Waojexku's Jewellery Emporium.
  2656 | D:3      | Noticed Grinder
  2669 | D:3      | Killed Grinder
  2670 | D:3      | Reached skill level 6 in Axes
  2670 | D:3      | Reached XP level 6. HP: 30/47 MP: 6/6
  2879 | D:3      | Found a white marble altar of Elyvilon.
  3194 | D:3      | Reached XP level 7. HP: 52/52 MP: 7/7
  3600 | D:4      | Identified the +8 dagger of Siq Cui {vorpal, rElec rPois
                  | Int+5 Dex-3}
  3638 | D:4      | Reached skill level 7 in Axes
  4181 | D:4      | Reached skill level 8 in Axes
  4416 | D:5      | Entered Level 5 of the Dungeon
  4437 | D:5      | Found a glowing drain.
  4468 | Sewer    | Entered a sewer
  4546 | Sewer    | Reached XP level 8. HP: 58/58 MP: 8/8
  4743 | Sewer    | Reached skill level 9 in Axes
  4842 | D:5      | Noticed NineInchNils's ghost (amateur OpMo)
  4846 | D:5      | Found a transporter.
  4971 | D:5      | Found a transporter.
  5271 | D:5      | Noticed an unseen horror
  5299 | D:5      | Killed an unseen horror
  5300 | D:5      | Reached skill level 10 in Axes
  6194 | D:6      | Reached XP level 9. HP: 64/64 MP: 9/9
  6381 | D:6      | Reached skill level 11 in Axes
  6505 | D:6      | Found a staircase to the Ecumenical Temple.
  6514 | Temple   | Entered the Ecumenical Temple
  7208 | D:6      | Reached skill level 12 in Axes
  8175 | D:7      | Found a shimmering blue altar of Sif Muna.
  8197 | D:7      | Noticed Pikel
  8213 | D:7      | Killed Pikel
  8214 | D:7      | Reached skill level 13 in Axes
  8214 | D:7      | Reached XP level 10. HP: 68/70 MP: 10/10
  8677 | D:7      | Identified the +3 trident of Floods {spect, rC+}
  8736 | D:7      | Reached skill level 1 in Polearms
  8965 | D:7      | You fall into a shaft and drop 3 floors!
  8965 | D:10     | Entered Level 10 of the Dungeon
  8965 | D:10     | Noticed Joseph
  8990 | D:10     | Killed Joseph
  8991 | D:10     | Reached skill level 5 in Fighting
  9201 | D:10     | Noticed Josephine
  9225 | D:10     | Killed Josephine
  9236 | D:10     | Noticed a two-headed ogre
  9262 | D:10     | Killed a two-headed ogre
  9263 | D:10     | Reached skill level 5 in Polearms
  9389 | D:10     | Reached XP level 11. HP: 79/83 MP: 11/11
  9427 | D:10     | HP: 4/126 [yak (4)]
  9797 | D:9      | Found a radiant altar of Vehumet.
  9924 | D:9      | Noticed Erolcha
 10057 | D:8      | Found an opulent altar of Gozag.
 10245 | D:8      | Found a stormy altar of Qazlal.
 10710 | D:8      | Found a hazy altar of Hepliaklqana.
 10717 | D:8      | Found a sacrificial altar of Ru.
 10717 | D:8      | Found a basalt altar of Yredelemnul.
 10717 | D:8      | Found an ornate altar of the Wu Jian Council.
 10718 | D:8      | Found a hide-covered altar of Uskayaw.
 10720 | D:8      | Found a shimmering altar of Xom.
 10821 | D:8      | Found an iron altar of Okawaru.
 10821 | D:8      | Found a bloodstained altar of Trog.
 10834 | D:8      | Became a worshipper of Warmaster Okawaru
 10880 | D:8      | Found a staircase to the Lair.
 11107 | Lair:1   | Entered Level 1 of the Lair of Beasts
 11359 | Lair:1   | Noticed Sonja
 11365 | Lair:1   | Killed Sonja
 11365 | Lair:1   | Reached * piety under Okawaru
 11438 | Lair:1   | Reached skill level 10 in Fighting
 11445 | Lair:1   | Reached XP level 12. HP: 87/97 MP: 12/12
 11513 | Lair:1   | Noticed Erica
 11516 | Lair:1   | Killed Erica
 11516 | Lair:1   | Reached ** piety under Okawaru
 11552 | Lair:1   | Found a runed translucent gate.
 11552 | Lair:1   | Found a runed translucent gate.
 11552 | Lair:1   | Found a runed translucent gate.
 11555 | Lair:1   | Noticed a 12-headed hydra
 11555 | Lair:1   | Noticed Reqegg's ghost (journeyman MiFi)
 11557 | Lair:1   | Noticed a six-headed hydra
 11566 | Lair:1   | Killed a six-headed hydra
 11578 | Lair:1   | HP: 2/99 [12-headed hydra (11)]
 11578 | Lair:1   | Mangled by a 12-headed hydra

Illustrated notes

Levels and vault maps discovered:
D:1:      saegor_arrival_simple_c, layout_basic, basic_ecumenical_altar
D:2:      layout_basic, basic_altar
D:3:      layout_basic, mainiacjoe_overflow_surrounded_room, serial_shops, shop,
          kennysheep_donut, uniq_grinder
D:4:      layout_layer_cave, kennysheep_small_circle
D:5:      layout_layer_cave, gammafunk_ghost_arena,
          cheibrodos_sewer_entry_drain, grunt_decor_fettered,
          serial_bayou_lagoon_b
D:6:      layout_loops_ring, minmay_temple_entry_statues, grunt_ministairs_2,
          minmay_alternating_orb
D:7:      layout_basic, mainiacjoe_overflow_brackets, serial_bayou_pond_d,
          uniq_pikel
D:8:      layout_basic, amcnicky_altar_gilded, grunt_gozag_breadcrumbs,
          minitemple, grunt_temple_overflow_bloody_war, erik_lair_island
D:9:      layout_cave_pools, kennysheep_mini, hangedman_decor_diamond_cutter,
          uniq_erolcha
D:10:     layout_cave_pools, david_orc_5, uniq_joseph, uniq_josephine
Temple:   compressed_dpeg_triangle_lava_temple
Lair:1:   layout_long_grid, gammafunk_ghost_hydra_chop, uniq_erica, uniq_sonja

Skill      XL: |  1  2  3  4  5  6  7  8  9 10 11 12 |
---------------+-------------------------------------+-----
Axes           | 3 4 6 8 10 13 | 13.5
Polearms       | 5 8 9 |  9.1
Fighting       | 6 10 | 10.6
Armour         | |  3.2
Shields        | |  3.6

Action                   |  1- 3 |  4- 6 |  7- 9 | 10-12 || total
-------------------------+-------+-------+-------+-------++-------
Melee: War axe           |    56 |    91 |   348 |    14 ||   509
       Trident           |       |       |       |   245 ||   245
Throw: Javelin           |       |     1 |       |       ||     1
       Boomerang         |       |       |    22 |       ||    22
       Dart              |       |       |       |     7 ||     7
Invok: Heroism           |       |       |       |     2 ||     2
Evoke: Wand              |       |       |       |     2 ||     2
  Use: Potion            |       |     1 |       |     5 ||     6
       Scroll            |       |       |     5 |     5 ||    10
 Stab: Distracted        |       |       |       |     4 ||     4
Armor: Scale mail        |    31 |    19 |    91 |     4 ||   145
       Chain mail        |       |       |       |    51 ||    51
       Skin              |       |       |       |    27 ||    27
Dodge: Dodged            |    29 |    27 |   108 |    44 ||   208
       Repelled          |       |       |     1 |     2 ||     3
Block: Buckler           |    12 |    37 |   143 |    84 ||   276
       Reflection        |       |       |     5 |    11 ||    16
